 Dungeon Crawl Stone Soup version 0.20.1-1-g8b1a95d (webtiles) character file.

700 homeworkjunkie the Chopper (level 7, 0/61 HPs)
             Began as a Hill Orc Fighter on Dec 2, 2017.
             Slain by Lanoc's ghost (3 damage)
             ... on level 3 of the Dungeon.
             The game lasted 00:08:07 (3398 turns).

homeworkjunkie the Chopper (Hill Orc Fighter)       Turns: 3398, Time: 00:08:08

Health: 0/61       AC: 14    Str: 20      XL:     7   Next: 65%
Magic:  7/7        EV:  4    Int:  6 (8)  God:
Gold:   124        SH:  9    Dex: 11      Spells: 6/6 levels left

rFire    . . .     SeeInvis .   a - +0 war axe
rCold    . . .     Gourm    .   c - +0 shield
rNeg     + . .     Faith    .   i - +1 plate armour {rN+}
rPois    .         Spirit   .   (no helmet)
rElec    .         Reflect  .   (no cloak)
rCorr    .         Harm     .   (no gloves)
MR       .....                  l - +0 pair of boots (curse)
Stlth    ..........             (no amulet)
Regen    0.2/turn               (no ring)
MPRegen  0.1/turn               (no ring)

@: lethally poisoned (0 -> -1), drained
A: no striking features
a: no special abilities


You were on level 3 of the Dungeon.
You were not hungry.

You visited 1 branch of the dungeon, and saw 5 of its levels.

You collected 124 gold pieces.

Inventory:

Hand Weapons
 a - a +0 war axe (weapon)
Armour
 c - a +0 shield (worn)
 i - a +1 plate armour of positive energy (worn)
 l - a cursed +0 pair of boots (worn)
Scrolls
 e - 2 scrolls of fear
 h - a scroll of magic mapping
 j - 2 scrolls of identify
 m - a scroll of teleportation
Potions
 b - a potion of mutation
Comestibles
 f - 6 bread rations


   Skills:
 * Level 5.3(4.9) Fighting
 * Level 7.2(6.8) Axes
 * Level 5.3(4.9) Armour
 * Level 5.2(4.8) Shields


You had 6 spell levels left.
You didn't know any spells.

Dungeon Overview and Level Annotations

Branches:
Dungeon (5/15)
 Temple: D:4-7

Altars:

Annotations:
D:3 Lanoc's ghost, amateur DsCK


Message History

Lanoc's ghost is heavily damaged.
You feel sick. You block Lanoc's ghost's attack.
You slash Lanoc's ghost!
Lanoc's ghost is severely damaged.
You block Lanoc's ghost's attack.
You hit Lanoc's ghost but do no damage.
Lanoc's ghost is severely damaged.
Lanoc's ghost hits you but does no damage.
You are electrocuted!
* * * LOW HITPOINT WARNING * * *
Lanoc's ghost hits you.
* * * LOW HITPOINT WARNING * * *
Lanoc's ghost burns you.
* * * LOW HITPOINT WARNING * * *
You hit Lanoc's ghost but do no damage.
Lanoc's ghost is severely damaged.
You feel sick. Lanoc's ghost hits you.
* * * LOW HITPOINT WARNING * * *
Lanoc's ghost freezes you.
You die...

.......<......# #.......)....##
#............### #
........####.##. .. ####.#>..#
#..#. .....
###...#...#....####......
#...#####......#.........
#.#.#######....W.# ......
##.#.#..........@.##......
#......# #.....#††.#......
..##.### #.....##.........### .
#.# #.....###..##### ..# #†#
####........### #.# . #.#
##.........>.####.#####
...#.######..........#..........#
..........#..........####.......#
...#.####............# #.......#


You could see Lanoc's ghost.

Vanquished Creatures
  Sigmund (D:2)
  A scorpion (D:4)
  3 hounds (D:4)
  2 orc wizards (D:4)
  A centaur skeleton (D:4)
  An iguana (D:4)
  Natasha (twice) (D:2 D:4)
  A worker ant (D:4)
  5 adders
  7 gnolls (D:2)
  2 oozes
  3 worms
  3 dart slugs
  6 leopard geckos
  4 orcs
  4 giant cockroaches
  11 hobgoblins
  9 jackals
  2 quokkas (D:3)
  A ball python (D:1)
  9 bats
  9 frilled lizards
  5 goblins
  6 kobolds
  5 rats
103 creatures vanquished.

Notes
Turn   | Place    | Note
-------+----------+-------------------------------------------
     0 | D:1      | homeworkjunkie the Hill Orc Fighter began the quest for the Orb.
     0 | D:1      | Reached XP level 1. HP: 19/19 MP: 1/1
    54 | D:2      | Reached XP level 2. HP: 19/27 MP: 2/2
    89 | D:2      | Noticed Natasha
    97 | D:2      | Noticed a crimson imp
    98 | D:2      | Killed Natasha
    98 | D:2      | Reached skill level 3 in Axes
    98 | D:2      | Reached XP level 3. HP: 18/33 MP: 3/3
   145 | D:3      | Noticed Lanoc's ghost (amateur DsCK)
   444 | D:2      | Reached XP level 4. HP: 29/41 MP: 4/4
   451 | D:2      | Reached skill level 4 in Axes
   455 | D:2      | HP: 1/41 [gnoll/spear (4)]
   456 | D:2      | Reached XP level 5. HP: 1/47 MP: 5/5
   912 | D:2      | Noticed Sigmund
  1503 | D:4      | Reached skill level 5 in Axes
  1697 | D:1      | Reached XP level 6. HP: 49/53 MP: 6/6
  1926 | D:2      | Killed Sigmund
  1926 | D:2      | Reached skill level 5 in Fighting
  1926 | D:2      | Reached skill level 6 in Axes
  2143 | D:4      | Reached XP level 7. HP: 54/61 MP: 7/7
  2147 | D:5      | Entered Level 5 of the Dungeon
  2192 | D:4      | Reached skill level 5 in Armour
  2816 | D:4      | Noticed Natasha
  2822 | D:4      | Killed Natasha
  2845 | D:4      | Reached skill level 7 in Axes
  2865 | D:4      | Reached skill level 5 in Shields
  3183 | D:3      | Paralysed by Lanoc's ghost for 6 turns
  3398 | D:3      | HP: 3/61 [Lanoc's ghost (6)]
  3398 | D:3      | Slain by Lanoc's ghost

Skill      XL: |  1  2  3  4  5  6  7 |
---------------+----------------------+-----
Fighting       | 4 5 |  5.3
Axes           | 3 4 5 6 7 |  7.2
Armour         | 4 5 |  5.3
Shields        | 4 5 |  5.2

Action                   |  1- 3 |  4- 6 |  7- 9 || total
-------------------------+-------+-------+-------++-------
Melee: War axe           |    43 |   190 |   119 ||   352
  Use: Scroll            |     1 |     6 |     2 ||     9
       Potion            |     1 |     3 |     4 ||     8
 Stab: Invisible         |       |       |     1 ||     1
  Eat: Meat ration       |       |     1 |     1 ||     2
Armor: Scale mail        |    18 |    55 |       ||    73
       Plate armour      |       |    99 |    75 ||   174
Dodge: Dodged            |    14 |    53 |    11 ||    78
Block: Shield            |    29 |   128 |    43 ||   200
